 Dungeon Sprint DCSS version 0.31-a0-43-g46d131a48f (webtiles) character file.

Game seed: 14308864050538190655

7700000 bmack86 the Infernalist (level 27, -58/249 HPs)
             Began as a Demonspawn Fire Elementalist on May 19, 2023.
             Was the Champion of Makhleb.
             Annihilated by a meat berserker
             ... wielding a +9 battleaxe
              (64 damage)
             ... in the Dungeon (Sprint VIII: "Arena of Blood").
             The game lasted 00:08:23 (77 turns).

bmack86 the Infernalist (DsFE)                        Turns: 77, Time: 00:08:24

Health: -58/249    AC:  8    Str: 21    XL:     27
Magic:  0/54       EV: 27    Int: 17    God:    Makhleb [******]
Gold:   0          SH:  0    Dex: 15    Spells: 79/80 levels left

rFire   . . .        h - +∞ Axe of Woe
rCold   . . .        (shield currently unavailable)
rNeg    . . .        a - +0 robe
rPois   .            (helmet unavailable)
rElec   .            (no cloak)
rCorr   +            (no gloves)
SInv    .            (no boots)
Will    +++..        (no amulet)
Stlth   +++++++++    (no ring)
HPRegen 0.61/turn    (no ring)
MPRegen 0.68/turn

%: no teleportation, guardian spirit
@: marked
A: horns 3, yellow scales 3, hurl damnation, icemail 2, torment resistance 1,
magic shield, magic regeneration, magic link, condensation shield, demonic
willpower
a: Hurl Damnation, Renounce Religion, Minor Destruction, Lesser Servant of
Makhleb, Major Destruction, Greater Servant of Makhleb


You were in the Dungeon.
You worshipped Makhleb.
Makhleb was exalted by your worship.
You visited 1 branch

Inventory:

Hand Weapons
 h - the +∞ Axe of Woe (weapon)
   (You found it in the Dungeon)
Armour
 a - a +0 robe (worn)
Potions
 b - 2 potions of magic
 c - a potion of curing
 d - a potion of heal wounds
 e - a potion of haste
 f - a potion of berserk rage


   Skills:
 O Level 27 Fighting
 + Level 25.4(27) Short Blades
 + Level 24.0(27) Long Blades
 O Level 27 Axes
 + Level 24.0(27) Maces & Flails
 + Level 24.0(27) Polearms
 + Level 24.0(27) Staves
 + Level 24.0 Ranged Weapons
 + Level 25.4 Throwing
 + Level 25.4 Armour
 O Level 27 Dodging
 O Level 27 Stealth
 + Level 25.4 Shields
 + Level 25.7 Unarmed Combat
 O Level 27 Spellcasting
 O Level 27 Conjurations
 O Level 27 Hexes
 O Level 27 Summonings
 O Level 27 Necromancy
 + Level 25.4 Translocations
 + Level 25.4 Transmutations
 O Level 27 Fire Magic
 + Level 25.4 Ice Magic
 + Level 25.8 Air Magic
 + Level 25.8 Earth Magic
 O Level 27 Poison Magic
 O Level 27 Invocations
 O Level 27 Evocations


You had 79 spell levels left.
You knew the following spells:

 Your Spells              Type           Power      Damage    Failure   Level
a - Foxfire               Conj/Fire      100%       2x1d9     0%          1

Your spell library contained the following spells:

 Spells                   Type           Power      Damage    Failure   Level
 Scorch                   Fire           100%       2d9       0%          2
 Inner Flame              Hex/Fire       86%        N/A       0%          3
 Volatile Blastmotes      Fire/Tloc      100%       2d18      0%          3
 Flame Wave               Conj/Fire      86%        2d18      0%          4


Dungeon Overview and Level Annotations

Branches:
Dungeon (1/1)

Altars:
Makhleb


Innate Abilities, Weirdness & Mutations

You have a pair of large horns on your head.
You are completely covered in yellow scales. (AC +4, rCorr)
You can hurl damnation.
A meltable icy envelope protects you from harm. (AC +0)
You are resistant to unholy torment.
When hurt, damage is shared between your health and your magic reserves.
You regenerate magic rapidly.
When low on magic, you restore magic in place of health.
A meltable shield of frost defends you. (SH +0)
You punish those that try to bend your will. (Will+)


Message History

The meat beast howls!
Your base Long Blades skill increases to level 24!
Your base Maces & Flails skill increases to level 24!
Your base Polearms skill increases to level 24!
Your base Staves skill increases to level 24!
Your Ranged Weapons skill increases to level 24!
Unknown command.
You aren't carrying any items that you can evoke.
Cleave: h) +∞ Axe of Woe
Press: ? - help, Dir - move target, f - sculptor of flesh
Aim: a sculptor of flesh, wielding a +9 great sword and wearing a +250 ring of slaying (lightly damaged, about 0% to evade the +∞ Axe of Woe)
Your weapon can't reach that far!
Okay, then.
Magic courses through your body.
You are engulfed in blazing flames.
You hear a shout! x2
The meat berserker is engulfed in blazing flames. x2
The accursed points at you and mumbles some strange words.
Something smites you!
The meat berserker is engulfed in blazing flames.
The destroyer casts a spell at you.
The destroyer blinks!
You hear a shout!
The accursed casts a spell at you. Something smites you!
The meat berserker rages.
A dread comes into view.
The accursed gestures at you while chanting.
Something smites you!
* * * LOW HITPOINT WARNING * * *
The meat berserker hits you with a +9 battleaxe!!!
* * * LOW HITPOINT WARNING * * *
You hear a shout!
The accursed gestures at you while chanting.
Something smites you!
* * * LOW HITPOINT WARNING * * *
You hear a shout!
A meat berserker comes into view. It is wielding a +9 battleaxe.
The meat berserker is engulfed in blazing flames.
The meat berserker hits you with a +9 battleaxe!!!
You die...

....#.....)))_.....
..D#M......#)....#..
###o...§..zO.#_)<._#
.##....#O..O§..#)....#..
#......V.#☼o2)))))_o....
#........OOV§OO))###....
....2.....§§###)))W...##
.W.....O..M...#§).....#
....V..@z.M2..#§V..2..#
...o.#OOVo2.2...........
.X. #O#o#LM.............
L oO#.#o...............
XO#o#.#..W......§....#


#oo W..#........# #. .... . .##. You could see 4 accurseds, 5 meat beasts, 2
tyrants, an eight-headed meat hydra, 4 destroyers, 2 sculptors of flesh, a large
bag of meat (inner flame), 2 large abominations, 3 dreads, 12 meat berserkers
and 9 bags of meat.

Vanquished Creatures
  Sigmund (D)
  5 hell beasts (D)
  3 wraiths (D)
  8 vampire knights (D)
  25 ogres (D)
  5 two-headed ogres (D)
  6 liches (D)
  58 orcs (D)
  6 skeletal warriors (D)
117 creatures vanquished.

Notes
Turn   | Place    | Note
-------+----------+-------------------------------------------
     0 | D        | Found the +∞ Axe of Woe
     0 | D        | bmack86 the Demonspawn Fire Elementalist began the quest
                  | for the Orb.
     0 | D        | Reached XP level 1. HP: 13/13 MP: 3/3
     2 | D        | Noticed a bag of meat
     3 | D        | Noticed a bag of meat
     4 | D        | Became a worshipper of Makhleb the Destroyer
     5 | D        | Killed a bag of meat
     6 | D        | Reached skill level 10 in Spellcasting
     6 | D        | Gained mutation: A meltable shield of frost defends you.
                  | (SH +0) [demonic ancestry]
     6 | D        | Reached XP level 2. HP: 19/19 MP: 3/13
     6 | D        | Reached XP level 3. HP: 24/24 MP: 3/15
     6 | D        | Reached XP level 4. HP: 30/30 MP: 3/16
     6 | D        | Gained mutation: You have a pair of small horns on your
                  | head. [demonic ancestry]
     6 | D        | Reached XP level 5. HP: 35/35 MP: 3/18
     6 | D        | Gained mutation: You have a pair of horns on your head.
                  | [demonic ancestry]
     6 | D        | Reached XP level 6. HP: 41/41 MP: 3/19
     6 | D        | Gained mutation: You regenerate magic rapidly. [demonic
                  | ancestry]
     6 | D        | Reached XP level 7. HP: 46/46 MP: 3/21
     6 | D        | Gained mutation: When hurt, damage is shared between your
                  | health and your magic reserves. [demonic ancestry]
     6 | D        | Reached XP level 8. HP: 52/52 MP: 3/22
     6 | D        | Reached XP level 9. HP: 57/57 MP: 3/23
     6 | D        | Gained mutation: You are partially covered in yellow
                  | scales. (AC +2) [demonic ancestry]
     6 | D        | Reached XP level 10. HP: 63/63 MP: 3/24
     6 | D        | Noticed a bag of meat
     7 | D        | Noticed a bag of meat
     7 | D        | Noticed a meat berserker
     7 | D        | Noticed a meat berserker
     8 | D        | Noticed a bag of meat
     8 | D        | Noticed a meat berserker
     9 | D        | Killed a meat berserker
     9 | D        | Reached * piety under Makhleb
     9 | D        | Noticed a bag of meat
     9 | D        | Noticed a meat berserker
     9 | D        | Noticed a bag of meat
     9 | D        | Noticed a bag of meat
     9 | D        | Noticed a meat berserker
     9 | D        | Noticed a bag of meat
    10 | D        | Reached skill level 10 in Dodging
    10 | D        | Reached skill level 10 in Stealth
    10 | D        | Gained mutation: You have a pair of large horns on your
                  | head. [demonic ancestry]
    10 | D        | Reached XP level 11. HP: 19/74 MP: 1/28
    10 | D        | Reached XP level 12. HP: 20/80 MP: 1/29
    10 | D        | Noticed a meat berserker
    10 | D        | Killed a bag of meat
    10 | D        | Killed a meat berserker
    10 | D        | Noticed a bag of meat
    10 | D        | Noticed a bag of meat
    10 | D        | Noticed a bag of meat
    11 | D        | Reached skill level 15 in Spellcasting
    11 | D        | Reached skill level 5 in Conjurations
    11 | D        | Gained mutation: You are mostly covered in yellow scales.
                  | (AC +3) [demonic ancestry]
    11 | D        | Reached XP level 13. HP: 55/88 MP: 2/32
    11 | D        | Killed a meat berserker
    11 | D        | Reached ** piety under Makhleb
    11 | D        | Killed a meat berserker
    11 | D        | Noticed a bag of meat
    11 | D        | Noticed a bag of meat
    11 | D        | Noticed a bag of meat
    11 | D        | Noticed a bag of meat
    12 | D        | Reached skill level 5 in Fighting
    12 | D        | Reached skill level 10 in Axes
    12 | D        | Reached skill level 27 in Fire Magic
    12 | D        | Gained mutation: A meltable icy envelope protects you from
                  | harm. (AC +0) [demonic ancestry]
    12 | D        | Reached XP level 14. HP: 95/98 MP: 3/36
    12 | D        | Noticed a large bag of meat
    12 | D        | Killed a bag of meat
    12 | D        | Killed a bag of meat
    12 | D        | Reached *** piety under Makhleb
    12 | D        | Killed a bag of meat
    12 | D        | Noticed a bag of meat
    12 | D        | Noticed a bag of meat
    12 | D        | Noticed a bag of meat
    13 | D        | Reached skill level 15 in Stealth
    13 | D        | Reached XP level 15. HP: 108/108 MP: 3/38
    13 | D        | Killed a meat berserker
    13 | D        | Reached **** piety under Makhleb
    13 | D        | Killed a meat berserker
    14 | D        | Gained mutation: You punish those that try to bend your
                  | will. (Will+) [demonic ancestry]
    14 | D        | Reached XP level 16. HP: 121/121 MP: 4/42
    14 | D        | Noticed a meat berserker
    15 | D        | Reached skill level 10 in Fighting
    16 | D        | Reached ***** piety under Makhleb
    17 | D        | Reached XP level 17. HP: 135/135 MP: 6/44
    17 | D        | Noticed a meat berserker
    18 | D        | Killed a large bag of meat
    18 | D        | Reached ****** piety under Makhleb
    18 | D        | Noticed a meat berserker
    19 | D        | Reached skill level 10 in Conjurations
    19 | D        | Killed a meat berserker
    19 | D        | Noticed a meat berserker
    20 | D        | Reached skill level 27 in Axes
    20 | D        | Reached XP level 18. HP: 130/154 MP: 5/48
    20 | D        | Noticed a meat berserker
    21 | D        | Noticed a destroyer
    21 | D        | Noticed a meat berserker
    21 | D        | Noticed a meat berserker
    23 | D        | Noticed a destroyer
    23 | D        | Killed a meat berserker
    24 | D        | Reached skill level 27 in Spellcasting
    25 | D        | Killed a destroyer
    26 | D        | Reached skill level 27 in Dodging
    26 | D        | Reached XP level 19. HP: 180/180 MP: 8/50
    26 | D        | Killed a meat berserker
    26 | D        | Killed a meat berserker
    27 | D        | Reached skill level 27 in Fighting
    27 | D        | Reached skill level 27 in Stealth
    29 | D        | Noticed a meat berserker
    30 | D        | Killed a meat berserker
    31 | D        | Reached skill level 27 in Conjurations
    31 | D        | Reached XP level 20. HP: 197/197 MP: 10/51
    32 | D        | Noticed a destroyer
    32 | D        | Noticed a meat berserker
    33 | D        | Noticed a meat berserker
    33 | D        | Killed a meat berserker
    34 | D        | Reached skill level 5 in Necromancy
    34 | D        | Noticed a large bag of meat
    34 | D        | Noticed a meat berserker
    34 | D        | Noticed a meat berserker
    36 | D        | Reached skill level 5 in Hexes
    36 | D        | Reached skill level 5 in Summonings
    36 | D        | Reached skill level 5 in Poison Magic
    36 | D        | Reached skill level 5 in Evocations
    36 | D        | Killed a meat berserker
    36 | D        | Noticed a destroyer
    37 | D        | Reached skill level 5 in Long Blades
    37 | D        | Reached skill level 5 in Maces & Flails
    37 | D        | Reached skill level 5 in Polearms
    37 | D        | Reached skill level 5 in Staves
    37 | D        | Reached skill level 5 in Ranged Weapons
    37 | D        | Killed a meat berserker
    38 | D        | Reached skill level 10 in Invocations
    38 | D        | Killed a meat berserker
    39 | D        | Reached skill level 10 in Necromancy
    39 | D        | Reached XP level 21. HP: 204/204 MP: 14/52
    39 | D        | Killed a destroyer
    40 | D        | Reached skill level 10 in Hexes
    40 | D        | Reached skill level 10 in Summonings
    40 | D        | Reached skill level 10 in Poison Magic
    40 | D        | Reached skill level 10 in Evocations
    41 | D        | Reached skill level 10 in Short Blades
    41 | D        | Reached skill level 10 in Throwing
    41 | D        | Reached skill level 10 in Armour
    41 | D        | Reached skill level 10 in Shields
    41 | D        | Reached skill level 10 in Unarmed Combat
    41 | D        | Reached skill level 10 in Translocations
    41 | D        | Reached skill level 10 in Transmutations
    41 | D        | Reached skill level 10 in Ice Magic
    41 | D        | Reached skill level 10 in Air Magic
    41 | D        | Reached skill level 10 in Earth Magic
    41 | D        | Noticed a destroyer
    41 | D        | Noticed a destroyer
    43 | D        | Reached skill level 10 in Long Blades
    43 | D        | Reached skill level 10 in Maces & Flails
    43 | D        | Reached skill level 10 in Polearms
    43 | D        | Reached skill level 10 in Staves
    43 | D        | Reached skill level 10 in Ranged Weapons
    43 | D        | Reached skill level 15 in Invocations
    43 | D        | Gained mutation: You are completely covered in yellow
                  | scales. (AC +4, rCorr) [demonic ancestry]
    43 | D        | Reached XP level 22. HP: 212/212 MP: 14/53
    44 | D        | Noticed a tyrant
    44 | D        | Noticed a destroyer
    45 | D        | Killed a destroyer
    45 | D        | Killed a large bag of meat
    46 | D        | Reached skill level 15 in Necromancy
    46 | D        | Killed a tyrant
    47 | D        | Reached skill level 15 in Hexes
    47 | D        | Reached skill level 15 in Summonings
    47 | D        | Reached skill level 15 in Poison Magic
    47 | D        | Reached skill level 15 in Evocations
    47 | D        | Gained mutation: When low on magic, you restore magic in
                  | place of health. [demonic ancestry]
    47 | D        | Reached XP level 23. HP: 211/219 MP: 13/54
    48 | D        | Noticed a tyrant
    49 | D        | Killed a destroyer
    49 | D        | Noticed an accursed
    50 | D        | Noticed a tyrant
    51 | D        | Killed a destroyer
    52 | D        | Reached skill level 15 in Short Blades
    52 | D        | Reached skill level 15 in Throwing
    52 | D        | Reached skill level 15 in Armour
    52 | D        | Reached skill level 15 in Shields
    52 | D        | Reached skill level 15 in Unarmed Combat
    52 | D        | Reached skill level 15 in Translocations
    52 | D        | Reached skill level 15 in Transmutations
    52 | D        | Reached skill level 15 in Ice Magic
    52 | D        | Reached skill level 15 in Air Magic
    52 | D        | Reached skill level 15 in Earth Magic
    52 | D        | Noticed a tyrant
    53 | D        | Killed a destroyer
    53 | D        | Noticed an accursed
    54 | D        | Reached XP level 24. HP: 220/227 MP: 16/54
    54 | D        | Noticed a tyrant
    55 | D        | Noticed a large bag of meat
    57 | D        | Noticed a tyrant
    58 | D        | Killed a tyrant
    58 | D        | Killed a tyrant
    59 | D        | Reached skill level 15 in Long Blades
    59 | D        | Reached skill level 15 in Maces & Flails
    59 | D        | Reached skill level 15 in Polearms
    59 | D        | Reached skill level 15 in Staves
    59 | D        | Reached skill level 15 in Ranged Weapons
    59 | D        | Noticed a dread
    59 | D        | Noticed a meat beast
    59 | D        | Noticed an accursed
    60 | D        | Noticed a dread
    62 | D        | Gained mutation: A meltable icy envelope protects you from
                  | harm. (AC +0) [demonic ancestry]
    62 | D        | Reached XP level 25. HP: 126/234 MP: 11/54
    62 | D        | Noticed The Captor
    62 | D        | Noticed a large bag of meat
    62 | D        | Noticed a meat beast
    63 | D        | Killed a meat beast
    65 | D        | Noticed a meat beast
    65 | D        | Noticed an accursed
    66 | D        | Killed a destroyer
    67 | D        | Gained mutation: You are resistant to unholy torment.
                  | [demonic ancestry]
    67 | D        | Reached XP level 26. HP: 54/242 MP: 0/54
    67 | D        | Killed a tyrant
    67 | D        | Killed a meat beast
    68 | D        | Reached skill level 27 in Invocations
    68 | D        | Killed a meat beast
    68 | D        | Noticed a destroyer
    68 | D        | Noticed a meat beast
    69 | D        | Gained mutation: You can hurl damnation. [demonic ancestry]
    69 | D        | Reached XP level 27. HP: 75/249 MP: 1/54
    69 | D        | Killed a large bag of meat
    69 | D        | Noticed an accursed
    70 | D        | Killed a tyrant
    70 | D        | Killed a destroyer
    70 | D        | Killed a tyrant
    70 | D        | Killed a dread
    70 | D        | Noticed a large bag of meat
    70 | D        | Noticed a dread
    71 | D        | Noticed a destroyer
    71 | D        | Noticed a dread
    71 | D        | Noticed a meat beast
    72 | D        | Killed The Captor
    72 | D        | Killed a dread
    72 | D        | Noticed a meat beast
    73 | D        | Reached skill level 27 in Necromancy
    73 | D        | Killed a dread
    73 | D        | Killed a large bag of meat
    73 | D        | Killed a meat beast
    73 | D        | Noticed a destroyer
    73 | D        | Noticed a meat beast
    74 | D        | Noticed a destroyer
    74 | D        | Noticed a large bag of meat
    74 | D        | Noticed a destroyer
    74 | D        | Noticed a tyrant
    74 | D        | Noticed a dread
    74 | D        | Noticed a dread
    75 | D        | Killed a large bag of meat
    75 | D        | Killed a meat beast
    75 | D        | Noticed a meat beast
    75 | D        | Noticed a tyrant
    76 | D        | Reached skill level 27 in Hexes
    76 | D        | Reached skill level 27 in Summonings
    76 | D        | Reached skill level 27 in Poison Magic
    76 | D        | Reached skill level 27 in Evocations
    76 | D        | Noticed a tyrant
    76 | D        | Noticed a meat beast
    77 | D        | Noticed a meat beast
    77 | D        | Noticed a dread
    77 | D        | HP: 6/249 [accursed/divine providence (9)]
    77 | D        | Annihilated by a meat berserker

Illustrated notes

Levels and vault maps discovered:
D:        meatsprint

Skill      XL: |  1  2  3  4  5  6  7  8  9 10 11 12 13 14 15 16 17 18 19 20 21 22 23 24 25 26 27 |
---------------+----------------------------------------------------------------------------------+-----
Axes           | 3 6 7 10 14 18 23 27 | 27.0
Dodging        | 8 10 12 14 16 19 21 23 27 | 27.0
Stealth        | 8 10 12 13 15 17 19 21 25 27 | 27.0
Spellcasting   | 10 13 15 18 19 22 23 26 27 | 27.0
Conjurations   | 3 4 5 6 7 8 9 10 13 27 | 27.0
Fire Magic     | 17 21 24 27 | 27.0
Fighting       | 2 3 5 7 9 12 17 23 27 | 27.0
Short Blades   | 8 11 14 15 18 19 21 25 | 25.4
Long Blades    | 7 10 12 14 16 18 19 24 | 24.0
Maces & Flails | 7 10 12 14 16 18 19 24 | 24.0
Polearms       | 7 10 12 14 16 18 19 24 | 24.0
Staves         | 7 10 12 14 16 17 19 24 | 24.0
Ranged Weapons | 7 10 12 14 16 18 19 24 | 24.0
Throwing       | 8 11 14 15 18 19 21 25 | 25.4
Armour         | 8 11 14 15 18 19 21 25 | 25.4
Shields        | 8 11 14 15 18 19 21 25 | 25.4
Unarmed Combat | 8 11 14 15 18 19 21 25 | 25.7
Hexes          | 9 12 15 17 19 21 23 27 | 27.0
Summonings     | 9 12 15 17 19 21 23 27 | 27.0
Necromancy     | 10 13 16 18 21 23 25 27 | 27.0
Translocations | 8 11 14 15 18 19 21 25 | 25.4
Transmutations | 8 11 14 15 18 19 21 25 | 25.4
Ice Magic      | 8 11 14 15 18 19 21 25 | 25.4
Air Magic      | 8 11 14 15 18 19 21 25 | 25.8
Earth Magic    | 8 11 14 15 18 19 21 25 | 25.8
Poison Magic   | 9 12 15 17 19 21 23 27 | 27.0
Invocations    | 12 15 19 21 24 26 27 | 27.0
Evocations     | 9 12 15 17 19 21 23 27 | 27.0

Action                     |  1- 3 |  4- 6 |  7- 9 | 10-12 | 13-15 | 16-18 | 19-21 | 22-24 | 25-27 || total
---------------------------+-------+-------+-------+-------+-------+-------+-------+-------+-------++-------
  Melee: Executioner's axe |     1 |       |       |     2 |     3 |    10 |    12 |    14 |    13 ||    55
    Use: Scroll            |       |       |       |       |       |       |       |       |     1 ||     1
         Potion            |       |       |       |       |       |       |       |       |     1 ||     1
  Dodge: Dodged            |       |       |       |     1 |     1 |       |     1 |     1 |       ||     4

Table legend: (Time is in decaauts)
 A = Elapsed time spent in this place.
 B = Non-inter-level travel time spent in this place.
 C = Inter-level travel time spent in this place.
 D = Time resting spent in this place.
 E = Time spent auto-exploring this place.
 F = Levels seen in this place.
 G = Mean time per level.
                   A        B        C        D        E       F      G
               +--------+--------+--------+--------+--------+-----+--------+
         Total |     65 |     65 |      0 |      0 |      0 |   1 |   65.0 |
       Dungeon |     65 |     65 |      0 |      0 |      0 |   1 |   65.0 |
               +--------+--------+--------+--------+--------+-----+--------+

Top non-repeatable levels by time:
       D: 65 daAuts
